 Dungeon Crawl Stone Soup version 0.32-a0-834-geaf45d8e21 (webtiles) character file.

Game seed: 17415603981823818489

2786 pokeman the Thaumaturge (level 9, -4/46 (49) HPs)
             Began as a Deep Elf Hedge Wizard on Mar 25, 2024.
             Was a Believer of Vehumet.
             Slain by a wight
             ... wielding a +0 battleaxe
              (13 damage)
             ... on level 6 of the Dungeon.
             The game lasted 00:22:57 (7715 turns).

pokeman the Thaumaturge (Deep Elf Hedge Wizard)     Turns: 7715, Time: 00:22:57

HP:   -4/46 (49)    AC: 10    Str:  7    XL:     9   Next: 43%
MP:   1/26          EV: 12    Int: 24    God:    Vehumet [**....]
Gold: 199           SH:  0    Dex: 14    Spells: 19/30 levels left

rFire   + . .        r - +2 short sword (venom)
rCold   . . .        (no shield)
rNeg    . . .        D - +0 steam dragon scales
rPois   +            C - +2 helmet
rElec   .            q - +0 cloak
rCorr   .            (no gloves)
SInv    .            (no boots)
Will    .....        (no amulet)
Stlth   ++           f - ring of protection from fire
HPRegen 0.27/turn    o - ring of poison resistance
MPRegen 0.20/turn

%: no passive effects
@: on blink cooldown, drained
A: no striking features
a: Renounce Religion


You were on level 6 of the Dungeon.
You worshipped Vehumet.
Vehumet was pleased with you.
You visited 2 branches of the dungeon, and saw 8 of its levels.
You also visited: Ossuary.

You collected 295 gold pieces.
You spent 96 gold pieces at shops.

Inventory:

Hand Weapons
 r - a +2 short sword of venom (weapon)
Missiles
 y - 2 curare-tipped darts
Armour
 n - an orb of light
 p - the +0 ring mail of the Treeataur {Rampage rF+ Int-4}
   (You took it off a gnoll on level 6 of the Dungeon)

   Int-4:     It affects your intelligence (-4).
   rF+:       It protects you from fire.
   Rampage:   It bestows one free step when moving towards enemies.
 q - a +0 cloak (worn)
 C - a +2 helmet (worn)
 D - +0 steam dragon scales (worn)
Magical Staves
 l - a staff of fire
Jewellery
 f - a ring of protection from fire (left hand)
 j - a ring of protection from fire
 o - a ring of poison resistance (right hand)
 t - a ring of see invisible
Wands
 z - a wand of polymorph (18)
 I - a wand of digging (4)
 J - a wand of paralysis (11)
Scrolls
 b - a scroll of torment {unknown}
 e - a scroll of noise {unknown}
 k - 4 scrolls of fog {unknown}
 m - 3 scrolls of immolation {unknown}
 v - 5 scrolls of identify {unknown}
 x - 2 scrolls of vulnerability {unknown}
 A - 2 scrolls of enchant armour {unknown}
 B - a scroll of fear {unknown}
 F - a scroll of revelation {unknown}
 G - a scroll of teleportation {unknown}
 L - a scroll of brand weapon {unknown}
Potions
 a - 2 potions of enlightenment {unknown}
 c - 2 potions of brilliance {unknown}
 d - a potion of magic
 g - 4 potions of curing {unknown}
 h - 2 potions of haste {unknown}
 i - 3 potions of attraction {unknown}
 s - 3 potions of might {unknown}
 u - a potion of invisibility {unknown}
 w - 3 potions of mutation {unknown}
 E - a potion of heal wounds {unknown}
 H - a potion of degeneration {unknown}
 K - 2 potions of lignification {unknown}


   Skills:
 + Level 2.4 Fighting
 - Level 3.4 Armour
 - Level 3.0 Dodging
 - Level 3.0 Stealth
 * Level 11.4 Spellcasting
 + Level 6.3 Conjurations
 - Level 1.1 Summonings
 - Level 1.1 Translocations
 - Level 1.0 Fire Magic
 + Level 5.6 Ice Magic
 - Level 1.2 Air Magic
 - Level 1.2 Alchemy
 - Level 1.0 Evocations


You had 19 spell levels left.
You knew the following spells:

 Your Spells              Type           Power      Damage    Failure   Level
a - Magic Dart            Conj           100%       1d8       1%          1
b - Mephitic Cloud        Conj/Alch/Air  27%        N/A       4%          3
c - Call Imp              Summ           38%        N/A       4%          2
d - Blink                 Tloc           38%        N/A       4%          2
e - Summon Ice Beast      Ice/Summ       29%        N/A       3%          3

Your spell library contained the following spells:

 Spells                   Type           Power      Damage    Failure   Level
 Scorch                   Fire           36%        2d6       4%          2
 Searing Ray              Conj           88%        2d7       1%          2
 Ozocubu's Armour         Ice            40%        N/A       1%          3
 Slow                     Hex            52%        N/A       4%          1
 Cigotuvi's Dreadful Rot  Necr/Alch/Air  34%        N/A       4%          2
 Fulminant Prism          Conj/Alch      15%        3d10      10%         4
 Iskenderun's Mystic Bla  Conj/Tloc      31%        2d8       10%         4
 Confusing Touch          Hex            13%        N/A       14%         3
 Fugue of the Fallen      Necr           13%        N/A       14%         3
 Tukima's Dance           Hex            13%        N/A       14%         3
 Vampiric Draining        Necr           13%        2d6       14%         3
 Manifold Assault         Tloc           19%        N/A       28%         4
 Dimensional Bullseye     Hex/Tloc       8%         N/A       36%         4
 Summon Mana Viper        Hex/Summ       16%        N/A       71%         5
 Monstrous Menagerie      Summ           9%         N/A       100%        7


Dungeon Overview and Level Annotations

Branches:
Dungeon (7/15)             Temple (1/1) D:4         Ossuary (visited)

Altars:
Ashenzari
Cheibriados
Dithmenos
Elyvilon
Fedhas
Gozag
Hepliaklqana
Nemelex Xobeh
Okawaru
Qazlal
Ru
Sif Muna
Trog
Uskayaw
Vehumet
Wu Jian
Yredelemnul
Zin
The Shining One

Shops:
D:3 :   D:6 *


Message History

Casting: Magic Dart (safe; 1% risk of failure)
Confirm with . or Enter, or press ? or * to list all spells.
Aiming: Magic Dart (safe; 1% risk of failure)
Press: ? - help, Shift-Dir - straight line, f/p - wight
Aim: a wight, wielding a +0 battleaxe and wearing a +0 robe (moderately damaged, ally target, 100% to hit)
The magic dart hits the wight.
The wight is heavily damaged.
Unknown command.
Casting: Magic Dart (safe; 1% risk of failure)
Confirm with . or Enter, or press ? or * to list all spells.
You blink.
Unknown command.
Casting: Blink (safe; 4% risk of failure)
Confirm with . or Enter, or press ? or * to list all spells.
Aiming: Magic Dart (safe; 1% risk of failure)
Press: ? - help, Shift-Dir - straight line, f/p - wight
Aim: a wight, wielding a +0 battleaxe and wearing a +0 robe (heavily damaged, ally target, 100% to hit)
The magic dart hits the wight but does no damage.
The wight is heavily damaged.
Unknown command.
Casting: Magic Dart (safe; 1% risk of failure)
Confirm with . or Enter, or press ? or * to list all spells.
Aiming: Magic Dart (safe; 1% risk of failure)
Press: ? - help, Shift-Dir - straight line, f/p - wight
Aim: a wight, wielding a +0 battleaxe and wearing a +0 robe (heavily damaged, ally target, 100% to hit)
The magic dart hits the wight but does no damage.
The wight is heavily damaged.
The wight hits you with a +0 battleaxe.
* * * LOW HITPOINT WARNING * * *
The wight hits your ice beast with a +0 battleaxe!
Your ice beast hits the wight but does no damage.
Casting: Magic Dart (safe; 1% risk of failure)
Confirm with . or Enter, or press ? or * to list all spells.
Aiming: Magic Dart (safe; 1% risk of failure)
Press: ? - help, Shift-Dir - straight line, f/p - wight
Aim: a wight, wielding a +0 battleaxe and wearing a +0 robe (heavily damaged, ally target, 100% to hit)
The magic dart hits the wight.
The wight is severely damaged.
The wight hits you with a +0 battleaxe!
You die...

.......##########'#########.#####
######..............###..######..
#....#..............#.........#..
#....#..............#.........#..
#....#...[..........#.........#..
#....#..............#.........#..
#[...'....).........#.........#..
#..>.#..............#.........#..
#....#....)...Yz@...#.........#..
#....#...[.[........#'#########..
#....#....[.#####...............#
.....#......#..>#...............#
.....'......#...'...............#
.....#......#...#...............#
รท....#......#...#...............#
.....#......#...#...............#
.....#......#...#...............#


You could see a wight (ally target) and a friendly ice beast (summoned).

Vanquished Creatures
  A steam dragon (D:6)
  A water moccasin (D:7)
  An orc warrior (D:6)
  An ice beast (D:5)
  2 ogres
  A centaur (D:6)
  A phantom (D:4)
  A bullfrog (D:6)
  2 scorpions
  3 wights
  2 jellies
  A bombardier beetle (D:5)
  5 orc priests
  A gnoll bouda (D:6)
  3 hounds
  A sleepcap (D:5)
  2 orc wizards (D:6)
  8 gnolls
  6 adders
  2 white imps
  A dart slug (D:2)
  17 orcs
  6 ball pythons
  3 bats
  10 endoplasms
  5 giant cockroaches
  A goblin (D:2)
  4 hobgoblins
  5 quokkas
  A ball python skeleton (Ossuary)
  4 frilled lizards
  A hobgoblin skeleton (Ossuary)
  10 kobolds
  2 kobold skeletons (Ossuary)
  7 rats
122 creatures vanquished.

Vanquished Creatures (collateral kills)
  Maurice (D:7)
  2 water moccasins
  An ice beast (D:6)
  An ogre (D:5)
  A burial acolyte (Ossuary)
  A wight (Ossuary)
  A howler monkey (D:6)
  A jelly (D:3)
  2 sleepcaps
  An orc wizard (D:3)
  3 adders
  An adder skeleton (Ossuary)
  A dart slug (D:4)
  4 ribbon worms
  4 orcs
  8 endoplasms
  A goblin (D:3)
  A hobgoblin (D:2)
  A hobgoblin skeleton (Ossuary)
  2 kobold skeletons (Ossuary)
  2 orc skeletons (Ossuary)
40 creatures vanquished.

Vanquished Creatures (others)
  An orc (D:3)
1 creature vanquished.

Grand Total: 163 creatures vanquished

Notes
Turn   | Place    | Note
-------+----------+-------------------------------------------
     0 | D:1      | pokeman the Deep Elf Hedge Wizard began the quest for the
                  | Orb.
     0 | D:1      | Reached XP level 1. HP: 10/10 MP: 7/7
   362 | D:1      | Reached XP level 2. HP: 16/16 MP: 4/9
   973 | D:1      | Reached skill level 5 in Spellcasting
  1164 | D:1      | Reached XP level 3. HP: 20/20 MP: 2/11
  1168 | D:1      | Learned a level 3 spell: Mephitic Cloud
  1171 | D:1      | Learned a level 2 spell: Call Imp
  1174 | D:1      | Learned a level 2 spell: Blink
  1480 | D:2      | Reached skill level 1 in Fighting
  1516 | D:2      | Reached skill level 1 in Armour
  1652 | D:2      | Learned a level 3 spell: Summon Ice Beast
  2127 | D:2      | Reached XP level 4. HP: 25/25 MP: 10/13
  2884 | D:3      | Reached skill level 6 in Spellcasting
  2972 | D:3      | Reached XP level 5. HP: 29/29 MP: 8/15
  3060 | D:3      | Reached skill level 1 in Evocations
  3162 | D:3      | Found Ikhlef's Book Shoppe.
  3310 | D:3      | Found a faded altar of an unknown god.
  3770 | D:4      | Reached skill level 1 in Fire Magic
  3832 | D:4      | Reached XP level 6. HP: 34/34 MP: 13/17
  3873 | D:4      | Reached skill level 1 in Ice Magic
  3946 | D:4      | Reached skill level 1 in Air Magic
  3946 | D:4      | Reached skill level 1 in Alchemy
  4240 | D:4      | Reached skill level 7 in Spellcasting
  4243 | D:4      | Found a staircase to the Ecumenical Temple.
  4301 | Temple   | Entered the Ecumenical Temple
  4336 | Temple   | Became a worshipper of Vehumet
  4407 | D:4      | Reached XP level 7. HP: 33/38 MP: 5/19
  4575 | D:5      | Entered Level 5 of the Dungeon
  4845 | D:5      | Reached skill level 8 in Spellcasting
  5140 | D:5      | Reached XP level 8. HP: 44/44 MP: 12/22
  5532 | D:5      | Found a hide-covered altar of Uskayaw.
  5533 | D:5      | Found a sacrificial altar of Ru.
  5729 | D:6      | Reached skill level 9 in Spellcasting
  6054 | D:6      | Reached * piety under Vehumet
  6054 | D:6      | Offered knowledge of Freeze by Vehumet.
  6204 | D:6      | Identified the +0 ring mail of the Treeataur {Rampage rF+
                  | Int-4}
  6385 | D:6      | Reached skill level 5 in Conjurations
  6612 | D:6      | Reached skill level 10 in Spellcasting
  6881 | D:6      | Found Guluat's Assorted Antiques.
  6910 | D:6      | Bought a bubbling pink potion for 32 gold pieces
  6910 | D:6      | Bought a viscous grey potion for 32 gold pieces
  6910 | D:6      | Bought a cyan potion for 32 gold pieces
  7002 | D:7      | Noticed Maurice
  7002 | D:7      | Found a sand-covered staircase.
  7010 | Ossuary  | Entered an ossuary
  7198 | Ossuary  | Reached XP level 9. HP: 36/48 MP: 20/25
  7269 | Ossuary  | Reached ** piety under Vehumet
  7405 | D:7      | Killed Maurice
  7406 | D:7      | Reached skill level 11 in Spellcasting
  7406 | D:7      | Reached skill level 5 in Ice Magic
  7420 | D:6      | Offered knowledge of Scorch by Vehumet.
  7715 | D:6      | Slain by a wight

Illustrated notes

Levels and vault maps discovered:
D:1:      amcnicky_arrival_underground_garden, layout_loops_ring
D:2:      layout_loops_ring, minmay_misc_feat_enclosed
D:3:      cheibrodos_fertilizer, layout_basic, basic_ecumenical_altar,
          serial_shops, shop
D:4:      layout_basic, minmay_temple_entry_proselytizer
D:5:      minmay_spotlight, layout_loops_ring, minitemple,
          minmay_misc_feat_plants
D:6:      layout_gridville, serial_shops, shop, corexii_leaking_fountain
D:7:      layout_layer_cave, enter_ossuary_1, chequers_serial_rivers_small_b,
          minmay_misc_feat_iff, kennysheep_small_square, uniq_maurice
Temple:   bh_familiar_temple

Skill      XL: |  1  2  3  4  5  6  7  8  9 |
---------------+----------------------------+-----
Spellcasting   | 5 6 7 8 10 11 | 11.4
Fighting       | 1 2 |  2.4
Armour         | 1 3 |  3.4
Conjurations   | 2 3 4 5 6 |  6.3
Stealth        | 3 |  3.0
Dodging        | 3 |  3.0
Evocations     | 1 |  1.0
Fire Magic     | 1 |  1.0
Ice Magic      | 2 3 4 5 |  5.6
Air Magic      | 1 |  1.2
Alchemy        | 1 |  1.2
Summonings     | |  1.1
Translocations | |  1.1

Action                     |  1- 3 |  4- 6 |  7- 9 || total
---------------------------+-------+-------+-------++-------
  Melee: Dagger            |     8 |    23 |       ||    31
         Short sword       |       |    15 |   140 ||   155
   Cast: Magic Dart        |    99 |    91 |    99 ||   289
         Call Imp          |     2 |       |       ||     2
         Summon Ice Beast  |     1 |     7 |    21 ||    29
         Blink             |     1 |       |     5 ||     6
         Mephitic Cloud    |       |     5 |    19 ||    24
   Stab: Confused          |       |     4 |    16 ||    20
         Sleeping          |       |     1 |     1 ||     2
 Armour: Robe              |    25 |    35 |    44 ||   104
         Steam dragon scal |       |       |    62 ||    62
  Dodge: Dodged            |    27 |    37 |    86 ||   150

Table legend: (Time is in decaauts)
 A = Elapsed time spent in this place.
 B = Non-inter-level travel time spent in this place.
 C = Inter-level travel time spent in this place.
 D = Time resting spent in this place.
 E = Time spent auto-exploring this place.
 F = Levels seen in this place.
 G = Mean time per level.
                   A        B        C        D        E       F      G
               +--------+--------+--------+--------+--------+-----+--------+
         Total |   7714 |   7407 |    307 |    355 |   5787 |   9 |  857.1 |
       Dungeon |   7275 |   7020 |    255 |    355 |   5553 |   7 | 1039.3 |
        Temple |     61 |      9 |     52 |      0 |      0 |   1 |   61.0 |
       Ossuary |    377 |    377 |      0 |      0 |    234 |   1 |  377.0 |
               +--------+--------+--------+--------+--------+-----+--------+

Top non-repeatable levels by time:
     D:6: 1422 daAuts
     D:1: 1340 daAuts
     D:3: 1250 daAuts
     D:2: 1157 daAuts
     D:5: 1113 daAuts
     D:4: 764 daAuts
 Ossuary: 377 daAuts
     D:7: 226 daAuts
  Temple: 61 daAuts
